 Dungeon Crawl Stone Soup version 0.19.1-1-g22dce08 (webtiles) character file.

2293 Nakatomy the Archer (level 9, -10/79 HPs)
             Began as a Centaur Hunter on Dec 29, 2016.
             Was a Follower of Okawaru.
             Mangled by an orc warrior
             ... wielding a cursed -3 battleaxe
              (19 damage)
             ... on level 7 of the Dungeon.
             The game lasted 00:22:04 (9152 turns).

Nakatomy the Archer (Centaur Hunter)                Turns: 9152, Time: 00:22:05

Health: -10/79     AC: 10    Str: 15 (16) XL:     9   Next: 17%
Magic:  9/9        EV:  7    Int:  7 (10) God:    Okawaru [*.....]
Gold:   267        SH:  0    Dex:  9 (12) Spells: 0 memorised, 8 levels left

rFire  . . .     SeeInvis .     b - +0 falchion (slice)
rCold  . . .     Gourm    .     B - +0 scale mail
rNeg   . . .     Faith    .     (no shield)
rPois  .         Spirit   .     h - +0 helmet
rElec  .         Reflect  .     s - +2 cloak {MR+}
rCorr  +         Harm     .     (no gloves)
MR     +....                    (no barding)
Stlth  ..........               H - amulet of inaccuracy (curse)
                                t - ring of resist corrosion
                                (no ring)

@: very slightly contaminated, very quick
A: hooves 3, deformed body, speed 2, tough skin 3
a: Heroism, Renounce Religion


You were on level 7 of the Dungeon.
You worshipped Okawaru.
Okawaru was aware of your devotion.
You were very hungry.

You visited 1 branch of the dungeon, and saw 7 of its levels.

You collected 267 gold pieces.

Inventory:

Hand Weapons
 a - a +2 shortbow
 b - a +0 falchion of slicing (weapon)
Missiles
 G - 7 arrows
Armour
 h - a +0 helmet (worn)
 s - a +2 cloak of magic resistance (worn)
 B - a +0 scale mail (worn)
Jewellery
 g - an uncursed ring of magical power
 t - a ring of resist corrosion (right hand)
 u - an uncursed ring of fire
 C - an uncursed amulet of guardian spirit
 H - a cursed amulet of inaccuracy (around neck)
Wands
 y - a wand of iceblast (8/15)
 F - a wand of paralysis (6/24)
Scrolls
 e - a scroll of blinking {unknown}
 i - 12 scrolls of identify {unknown}
 k - a scroll of recharging {unknown}
 l - 3 scrolls of enchant armour
 p - a scroll of amnesia {unknown}
 D - 2 scrolls of teleportation {unknown}
Potions
 c - a potion of invisibility {unknown}
 d - a potion of cancellation {unknown}
 j - a potion of cure mutation {unknown}
 q - 3 potions of degeneration
 v - a potion of berserk rage {unknown}
 w - 2 potions of curing
 x - 2 potions of brilliance {unknown}
 z - 2 potions of flight {unknown}
 A - a potion of mutation {unknown}
 E - a potion of lignification {unknown}
Comestibles
 f - 3 bread rations
 m - 2 beef jerkies
 o - a fruit
 r - 4 meat rations


   Skills:
 + Level 7.3 Fighting
 * Level 13.5 Bows
 - Level 1.3 Dodging
 - Level 0.4 Stealth


You had 8 spell levels left.
You didn't know any spells.

Dungeon Overview and Level Annotations

Branches:
Dungeon (7/15)
 Temple: D:4-7

Altars:
Elyvilon
Fedhas
Hepliaklqana
Nemelex Xobeh
Okawaru
Ru
Trog
Uskayaw
Vehumet
Xom
Zin

Annotations:
D:2 exclusion: downstairs
D:3 Pikel
D:4 1 runed door


Innate Abilities, Weirdness & Mutations

You have hooves in place of feet.
Armour fits poorly on your strangely shaped body.
You cover ground very quickly.
You have extremely tough skin. (AC +3)


Message History

Things that are here:
an arrow; a dagger of pain The centaur shoots an arrow.
The arrow hits you.
* * * LOW HITPOINT WARNING * * *
The iguana bites you.
* * * LOW HITPOINT WARNING * * *
You climb downwards.
* * * LOW HITPOINT WARNING * * *
You feel sick.
There is a stone staircase leading up here.
Okay, then.
Unknown command.
It was a potion of degeneration.
There was something very wrong with that liquid.
You feel weakened.
You feel dopey.
You feel clumsy. The orc warrior closely misses you.
The iguana bites you but does no damage.
It was a potion of curing.
You feel better.
The orc warrior hits you with a battleaxe!!
You die...

##...#.#
#.###.#.#..#
#.##.##.##.##
#.#.........#
#.#..##.##.##
#.#.#.#.#.##
#.#.##...##
#l#.###.##
#@..# #.#
##o.###.#
#......#
#...####
#...# #...#
#...# ....#
.....#


You could see an orc warrior and an iguana.

Vanquished Creatures
  Grinder (D:5)
  2 hippogriffs
  Eustachio (D:4)
  Edmund (D:4)
  Menkaure (D:3)
  Duvessa (D:5)
  2 ice beasts (D:5)
  2 slaves (D:4)
  A bullfrog (D:6)
  Dowan (D:5)
  A scorpion (D:6)
  A killer bee (D:7)
  2 crimson imps
  2 hounds
  2 jellies (D:5)
  2 orc priests (D:3)
  8 orc wizards
  2 worker ants
  Terence (D:3)
  3 iguanas
  A gnoll (D:1)
  13 adders
  An ooze (D:4)
  2 worms
  A dart slug (D:2)
  7 leopard geckos
  21 orcs
  4 giant cockroaches
  6 goblins
  11 hobgoblins
  6 jackals
  5 kobolds
  4 quokkas
  2 ball pythons
  8 bats
  5 frilled lizards
  A quokka skeleton (D:5)
  6 rats
141 creatures vanquished.

Notes
Turn   | Place    | Note
-------+----------+-------------------------------------------
     0 | D:1      | Nakatomy the Centaur Hunter began the quest for the Orb.
     0 | D:1      | Reached XP level 1. HP: 17/17 MP: 1/1
   587 | D:1      | Reached XP level 2. HP: 19/24 MP: 2/2
   773 | D:1      | Reached skill level 6 in Bows
  1138 | D:1      | Reached XP level 3. HP: 26/30 MP: 3/3
  2301 | D:2      | Reached XP level 4. HP: 28/38 MP: 4/4
  2529 | D:2      | Reached skill level 7 in Bows
  3038 | D:3      | Reached XP level 5. HP: 29/45 MP: 5/5
  3313 | D:3      | Noticed a hippogriff
  3347 | D:3      | Killed a hippogriff
  3347 | D:3      | Reached skill level 8 in Bows
  3347 | D:3      | Reached XP level 6. HP: 52/52 MP: 6/6
  3465 | D:3      | Noticed Terence
  3492 | D:3      | Reached skill level 9 in Bows
  3499 | D:3      | Killed Terence
  4287 | D:4      | Reached XP level 7. HP: 47/60 MP: 7/7
  4301 | D:4      | Noticed Eustachio
  4396 | D:4      | Noticed Menkaure
  4417 | D:3      | Killed Menkaure
  4417 | D:3      | Reached skill level 5 in Fighting
  4745 | D:4      | Found an iron altar of Okawaru.
  4751 | D:4      | Became a worshipper of Warmaster Okawaru
  4809 | D:4      | Found a glowing silver altar of Zin.
  4873 | D:4      | Reached skill level 10 in Bows
  4874 | D:4      | Noticed Pikel
  5199 | D:4      | Found a bloodstained altar of Trog.
  5795 | D:4      | Killed Eustachio
  5893 | D:4      | Found a hazy altar of Hepliaklqana.
  5897 | D:4      | Found a white marble altar of Elyvilon.
  5942 | D:4      | Found a sacrificial altar of Ru.
  5943 | D:4      | Found a blossoming altar of Fedhas.
  5945 | D:4      | Found a sparkling altar of Nemelex Xobeh.
  5948 | D:4      | Found a hide-covered altar of Uskayaw.
  6088 | D:4      | Found a runed door.
  6394 | D:5      | Entered Level 5 of the Dungeon
  6394 | D:5      | Noticed Edmund
  6432 | D:4      | Killed Edmund
  6716 | D:5      | Reached skill level 11 in Bows
  6716 | D:5      | Reached XP level 8. HP: 56/70 MP: 8/8
  6896 | D:5      | Found a shimmering altar of Xom.
  6907 | D:5      | Reached * piety under Okawaru
  6989 | D:5      | Found a radiant altar of Vehumet.
  7002 | D:5      | Noticed Grinder
  7399 | D:5      | Killed Grinder
  7399 | D:5      | Reached skill level 12 in Bows
  7553 | D:5      | Noticed Duvessa
  7553 | D:5      | Noticed Dowan
  7570 | D:5      | Killed Duvessa
  7578 | D:5      | Killed Dowan
  8156 | D:6      | Reached skill level 13 in Bows
  8197 | D:6      | Reached XP level 9. HP: 70/79 MP: 9/9
  8795 | D:7      | Reached ** piety under Okawaru
  9149 | D:6      | HP: 2/79 [iguana (5)]
  9152 | D:7      | Mangled by an orc warrior

Skill      XL: |  1  2  3  4  5  6  7  8 |
---------------+-------------------------+-----
Bows           | 6 7 8 9 11 13 | 13.5
Fighting       | 3 4 5 7 |  7.3
Dodging        | |  1.3
Stealth        | |  0.4

Action                   |  1- 3 |  4- 6 |  7- 9 || total
-------------------------+-------+-------+-------++-------
Melee: Short sword       |   132 |   135 |   114 ||   381
       Kick              |    27 |    24 |    82 ||   133
       Falchion          |       |       |   221 ||   221
 Fire: Shortbow          |     7 |    72 |   150 ||   229
Invok: Heroism           |       |       |     1 ||     1
  Use: Scroll            |       |       |     5 ||     5
       Potion            |       |       |     3 ||     3
  Eat: Chunk             |     3 |     5 |    12 ||    20
       Fruit             |       |       |     1 ||     1
Armor: Leather armour    |    68 |       |       ||    68
       Ring mail         |     7 |    52 |       ||    59
       Scale mail        |       |    50 |   287 ||   337
Dodge: Dodged            |    74 |    67 |   158 ||   299
       Rpst.: Falchion   |       |       |    21 ||    21
